 Dungeon Crawl Stone Soup version 0.21-a0-404-g291f19a (webtiles) character file.

30216 drevant the Summoner (level 13, -9/98 HPs)
             Began as a Gnoll Summoner on Oct 29, 2017.
             Was an Elder of Sif Muna.
             Mangled by MirrMurr's ghost (44 damage)
             ... on level 2 of the Orcish Mines.
             The game lasted 01:10:31 (30278 turns).

drevant the Summoner (Gnoll Summoner)              Turns: 30278, Time: 01:10:31

Health: -9/98      AC:  7    Str: 14    XL:     13   Next: 50%
Magic:  11/26      EV: 18    Int: 21    God:    Sif Muna [****..]
Gold:   1945       SH:  0    Dex: 17    Spells: 16/31 levels left

rFire    + . .     SeeInvis .   w - +3 trident (vamp)
rCold    . . .     Gourm    +   (no shield)
rNeg     + . .     Faith    .   m - +2 leather armour {rF+}
rPois    .         Spirit   .   X - +0 hat
rElec    .         Reflect  .   (no cloak)
rCorr    .         Harm     .   J - +0 pair of gloves
MR       .....                  (no boots)
Stlth    ++++......             O - amulet of the gourmand
HPRegen  0.26/turn              u - ring of positive energy
MPRegen  0.20/turn              p - +3 ring of intelligence

@: no status effects
A: distributed training, fangs 1, strong nose
a: Divine Energy, Channel Magic, Forget Spell, Renounce Religion


You were on level 2 of the Orcish Mines.
You worshipped Sif Muna.
Sif Muna was greatly pleased with you.
You were very full.

You visited 4 branches of the dungeon, and saw 21 of its levels.

You collected 1945 gold pieces.

Inventory:

Hand Weapons
 w - a +3 vampiric trident (weapon)
Missiles
 e - 536 stones
 y - 9 javelins
 C - 4 javelins of penetration (quivered)
 Q - 2 throwing nets
Armour
 d - +0 fire dragon scales
 m - a +2 leather armour of fire resistance (worn)
 J - a +0 pair of gloves (worn)
 X - a +0 hat (worn)
Jewellery
 f - a +5 ring of intelligence
 n - an uncursed ring of ice
 o - a +5 ring of dexterity
 p - a +3 ring of intelligence (right hand)
 u - a ring of positive energy (left hand)
 O - an amulet of the gourmand (around neck)
Wands
 a - a wand of acid (11/15)
 s - a wand of acid (6/15)
 G - a wand of iceblast (8/15)
 I - a wand of disintegration (13/24)
 K - a wand of polymorph (24/24)
 N - a wand of flame (33/48)
 S - a wand of iceblast (9/15)
 U - a wand of enslavement (12/24)
 V - a wand of iceblast (10/15)
 Y - a wand of flame (19/48)
Scrolls
 t - 3 scrolls of enchant armour
 v - 3 scrolls of remove curse
 F - 2 scrolls of amnesia
 H - a scroll of teleportation
 R - a scroll of fog
 T - a scroll of magic mapping
 W - a scroll of identify
Potions
 g - a potion of heal wounds
 h - a potion of brilliance
 i - 3 potions of flight
 j - 6 potions of cancellation
 l - 4 potions of curing
 r - 3 potions of mutation
 x - 2 potions of ambrosia
 B - 2 potions of agility
Books
 b - a book of Callings

   Spells                             Type                      Level
   a - Summon Small Mammal            Summoning                    1
   b - Call Imp                       Summoning                    2
   c - Call Canine Familiar           Summoning                    3
   d - Summon Guardian Golem          Hexes/Summoning              3
   e - Summon Lightning Spire         Summoning/Air                4
   f - Summon Ice Beast               Ice/Summoning                4
 z - a book of Frost

   Spells                             Type                      Level
   a - Freeze                         Ice                          1
   b - Throw Frost                    Conjuration/Ice              2
   c - Ozocubu's Armour               Charms/Ice                   3
   d - Throw Icicle                   Conjuration/Ice              4
   e - Summon Ice Beast               Ice/Summoning                4
 M - a book of Debilitation

   Spells                             Type                      Level
   a - Corona                         Hexes                        1
   b - Slow                           Hexes                        2
   c - Inner Flame                    Hexes/Fire                   3
   d - Portal Projectile              Hexes/Translocation          3
   e - Cause Fear                     Hexes                        4
   f - Leda's Liquefaction            Hexes/Earth                  4
 P - Sif Muna's Disquisition on Summoning and Flight
   (Sif Muna gifted it to you on level 5 of the Lair of Beasts)

   Spells                             Type                      Level
   a - Swiftness                      Charms/Air                   2
   b - Summon Demon                   Summoning                    5
   c - Summon Forest                  Summoning/Translocation      5
   d - Malign Gateway                 Summoning/Translocation      7
Comestibles
 c - 9 bread rations
 k - 11 meat rations
 D - 8 fruits
 E - 7 royal jellies


   Skills:
 + Level 8.2 Fighting
 + Level 8.2 Short Blades
 + Level 8.2 Long Blades
 + Level 8.2 Axes
 + Level 8.2 Maces & Flails
 + Level 8.2 Polearms
 + Level 8.2 Staves
 + Level 8.2 Slings
 + Level 8.2 Bows
 + Level 8.2 Crossbows
 + Level 8.2 Throwing
 + Level 8.2 Armour
 + Level 9.4 Dodging
 + Level 9.2 Stealth
 + Level 8.2 Shields
 + Level 8.2 Unarmed Combat
 + Level 9.6 Spellcasting
 + Level 6.8 Conjurations
 + Level 6.8 Hexes
 + Level 6.8 Charms
 + Level 9.9 Summonings
 + Level 6.8 Necromancy
 + Level 6.8 Translocations
 + Level 6.8 Transmutations
 + Level 6.8 Fire Magic
 + Level 6.8 Ice Magic
 + Level 6.8 Air Magic
 + Level 6.8 Earth Magic
 + Level 6.8 Poison Magic
 + Level 9.0 Invocations
 + Level 8.2 Evocations


You had 16 spell levels left.
You knew the following spells:

 Your Spells              Type           Power        Failure   Level  Hunger
a - Summon Small Mammal   Summ           ####         1%          1    None
b - Call Imp              Summ           ######..     1%          2    None
c - Call Canine Familiar  Summ           ######..     1%          3    None
d - Summon Ice Beast      Ice/Summ       #####...     2%          4    ##.....
e - Summon Forest         Summ/Tloc      #####.....   7%          5    ####...


Dungeon Overview and Level Annotations

Branches:
Dungeon (12/15)            Temple (1/1) D:4            Lair (6/6) D:11
 Shoals (0/4) Lair:3       Spider (0/4) Lair:3        Slime (0/5) Lair:6
    Orc (2/2) D:9             Elf (0/3) Orc:2

Altars:
Ashenzari
Cheibriados
Dithmenos
Elyvilon
Fedhas
Gozag
Hepliaklqana
Kikubaaqudgha
Makhleb
Nemelex Xobeh
Okawaru
Qazlal
Ru
Sif Muna
Trog
Uskayaw
Vehumet
Wu Jian
Xom
Yredelemnul
Zin
The Shining One
Beogh

Shops:
D:6 (   D:8 (   D:9 [   D:12 [   Orc:2 %

Annotations:
Lair:5 exclusion: oklob plant
Orc:2 MirrMurr's ghost, adept MfBe


Innate Abilities, Weirdness & Mutations

Your experience applies equally to all skills.
You have very sharp teeth.
Your uncanny sense of smell can sniff out nearby items.


Message History

Vines fly forth from the trees!
Your snaplasher vine barely misses MirrMurr's ghost.
Your snaplasher vine barely misses MirrMurr's ghost.
Your snaplasher vine closely misses MirrMurr's ghost.
MirrMurr's ghost screams, "You will join me soon!"
Your snaplasher vine hits MirrMurr's ghost but does no damage.
MirrMurr's ghost hits you!!
Your snaplasher vine hits MirrMurr's ghost but does no damage.
Space becomes stable.
Your dryad disappears in a puff of smoke!
The vine falls limply to the ground.
Your ice beast completely misses MirrMurr's ghost.
Your ice beast completely misses MirrMurr's ghost.
MirrMurr's ghost misses you.
Your ice beast barely misses MirrMurr's ghost.
MirrMurr's ghost whispers, "You will understand me better in a moment."
Items here: $ )) [[ ÷÷
There is a stone staircase leading up here.
MirrMurr's ghost hits you!!!
You die...

###......#** ##.
#.....<..#.** ♣.. #**
##..........,* ♣#.
##.###...........** #*.
#....#.........>#####♣V
**,##..................
####.......##..........
##..#.......#...........
#......@...####.........
##...)))W)..##..........
###.#<..Y..#...........
###....Y)#...........
#......Y#..Y........
##........YY........
##...........∩.....
##......#.#$...#..
#......###...###.


You could see MirrMurr's ghost and 3 friendly ice beasts.

Vanquished Creatures
  The ghost of anything the Severer, a journeyman DgFi (Lair:5)
  Erica (D:8)
  A two-headed ogre (D:11)
  An ugly thing (D:11)
  2 elephants (Lair:4)
  2 black mambas (Lair:6)
  A spiny frog (Lair:5)
  An ice devil (Lair:2)
  3 hippogriffs
  21 yaks
  6 soldier ants (Lair:5)
  5 water moccasins
  A hell hound (Lair:6)
  7 porcupines
  2 sky beasts
  An orc warrior (D:8)
  A phantom (D:10)
  3 wolves
  6 ogres
  5 centaurs (Lair:3)
  3 crocodiles
  3 big kobolds
  7 bullfrogs
  2 scorpions
  2 wights (D:6)
  A bullfrog zombie (D:9)
  A centaur zombie (D:10)
  2 lava snakes (Lair:6)
  A crimson imp (D:6)
  11 orc priests
  3 hounds
  5 orc wizards
  An iguana (D:7)
  11 worker ants
  A hound zombie (D:5)
  4 gnolls
  3 adders
  A shadow imp (D:10)
  An ooze (D:2)
  A worm (D:4)
  4 dart slugs
  2 leopard geckos
  55 orcs
  5 giant cockroaches
  10 goblins
  3 hobgoblins
  8 jackals
  4 quokkas
  3 bats
  5 frilled lizards
  6 kobolds
  A leopard gecko skeleton (D:4)
  7 rats
248 creatures vanquished.

Vanquished Creatures (collateral kills)
  Gastronok (Lair:1)
  An entropy weaver (Lair:5)
  A fire dragon (Lair:6)
  4 hydras
  A queen ant (Lair:5)
  A fire crab (Lair:6)
  An unseen horror (D:10)
  2 orc knights
  A cyclops (Orc:1)
  4 elephants (Lair:4)
  Joseph (D:10)
  Maurice (D:11)
  7 black mambas
  A gargoyle (D:11)
  3 molten gargoyles (Lair:6)
  A torpor snail (Lair:4)
  4 spiny frogs
  6 komodo dragons
  4 trolls
  A polar bear (Lair:6)
  7 hippogriffs
  4 blink frogs (Lair:3)
  3 wyverns
  4 hogs (D:11)
  30 yaks
  A human (D:11)
  A basilisk (Lair:6)
  Menkaure (D:4)
  3 vampire mosquitoes (D:12)
  17 soldier ants (Lair:5)
  3 hell hounds (Lair:6)
  7 water moccasins
  4 porcupines
  A sky beast (D:5)
  12 orc warriors
  An ice beast (D:8)
  A necrophage (D:8)
  The ghost of Barriton the Slasher, an amateur MiMo of Trog (D:3)
  5 ogres
  7 wolves
  A centaur (D:5)
  2 phantoms
  2 crocodiles
  A big kobold (D:9)
  7 bullfrogs
  A gnoll sergeant (D:9)
  2 scorpions
  3 wights (D:6)
  4 lava snakes
  2 crimson imps
  A jelly (D:7)
  A hound (D:4)
  6 orc priests
  2 iguanas
  Ijyb (D:4)
  18 worker ants
  6 orc wizards
  2 gnolls (D:4)
  3 adders
  A worm (D:6)
  A leopard gecko (D:3)
  41 orcs
  2 bats (D:3)
  3 hobgoblins
  2 frilled lizards
  A rat (D:2)
  8 fungi
  2 plants (Lair:6)
285 creatures vanquished.

Vanquished Creatures (others)
  A yak (D:11)
  17 fungi
  10 plants
  4 snaplasher vines
32 creatures vanquished.

Grand Total: 565 creatures vanquished

Notes
Turn   | Place    | Note
-------+----------+-------------------------------------------
     0 | D:1      | drevant the Gnoll Summoner began the quest for the Orb.
     0 | D:1      | Reached XP level 1. HP: 13/13 MP: 6/6
    69 | D:1      | Found a shattered altar of Ashenzari.
   320 | D:1      | Reached XP level 2. HP: 17/19 MP: 7/7
   324 | D:1      | Learned a level 2 spell: Call Imp
  1000 | D:2      | Reached skill level 5 in Spellcasting
  1000 | D:2      | Reached XP level 3. HP: 22/25 MP: 3/9
  1148 | D:2      | Reached skill level 1 in Invocations
  1341 | D:2      | Learned a level 3 spell: Call Canine Familiar
  1345 | D:2      | Reached skill level 1 in Fighting
  1345 | D:2      | Reached skill level 1 in Short Blades
  1345 | D:2      | Reached skill level 1 in Long Blades
  1345 | D:2      | Reached skill level 1 in Axes
  1345 | D:2      | Reached skill level 1 in Maces & Flails
  1345 | D:2      | Reached skill level 1 in Polearms
  1345 | D:2      | Reached skill level 1 in Staves
  1345 | D:2      | Reached skill level 1 in Slings
  1345 | D:2      | Reached skill level 1 in Bows
  1345 | D:2      | Reached skill level 1 in Crossbows
  1345 | D:2      | Reached skill level 1 in Throwing
  1345 | D:2      | Reached skill level 1 in Armour
  1345 | D:2      | Reached skill level 1 in Shields
  1345 | D:2      | Reached skill level 1 in Unarmed Combat
  1345 | D:2      | Reached skill level 1 in Evocations
  1364 | D:2      | Reached XP level 4. HP: 17/32 MP: 4/11
  1747 | D:3      | Noticed Barriton's ghost (amateur MiMo)
  1771 | D:3      | Killed Barriton's ghost
  1771 | D:3      | Reached skill level 1 in Conjurations
  1771 | D:3      | Reached skill level 1 in Hexes
  1771 | D:3      | Reached skill level 1 in Charms
  1771 | D:3      | Reached skill level 1 in Necromancy
  1771 | D:3      | Reached skill level 1 in Translocations
  1771 | D:3      | Reached skill level 1 in Transmutations
  1771 | D:3      | Reached skill level 1 in Fire Magic
  1771 | D:3      | Reached skill level 1 in Ice Magic
  1771 | D:3      | Reached skill level 1 in Air Magic
  1771 | D:3      | Reached skill level 1 in Earth Magic
  1771 | D:3      | Reached skill level 1 in Poison Magic
  1771 | D:3      | Reached XP level 5. HP: 15/37 MP: 5/12
  2426 | D:4      | Found a staircase to the Ecumenical Temple.
  2478 | Temple   | Entered the Ecumenical Temple
  2663 | Temple   | Became a worshipper of Sif Muna the Loreminder
  2703 | D:4      | Reached XP level 6. HP: 32/44 MP: 9/13
  2812 | D:4      | Found a glowing golden altar of the Shining One.
  2953 | D:4      | Noticed Menkaure
  2961 | D:4      | Killed Menkaure
  2961 | D:4      | Reached skill level 5 in Dodging
  2982 | D:4      | Noticed Ijyb
  2999 | D:4      | Killed Ijyb
  3320 | D:5      | Entered Level 5 of the Dungeon
  3423 | D:5      | Reached XP level 7. HP: 42/50 MP: 8/15
  3836 | D:5      | Reached skill level 5 in Stealth
  3933 | D:5      | Found a hazy altar of Hepliaklqana.
  4479 | D:6      | Reached * piety under Sif Muna
  4479 | D:6      | Reached XP level 8. HP: 43/57 MP: 11/16
  4591 | D:6      | Found Piungitt's Weapon Boutique.
  5360 | D:7      | Noticed a hippogriff
  5375 | D:7      | Killed a hippogriff
  5585 | D:7      | Learned a level 4 spell: Summon Ice Beast
  5902 | D:8      | Found Daimoiq's Weapon Shop.
  6041 | D:8      | Found a hide-covered altar of Uskayaw.
  6320 | D:8      | Noticed a yak
  6321 | D:8      | Noticed a yak
  6323 | D:8      | Noticed Erica
  6463 | D:8      | Reached ** piety under Sif Muna
  6463 | D:8      | Reached XP level 9. HP: 41/65 MP: 14/18
  6790 | D:8      | Killed Erica
  7060 | D:9      | Found a basalt altar of Yredelemnul.
  7104 | D:9      | Found Cuzoaps's Antique Armour Shop.
  7245 | D:9      | Found a staircase to the Orcish Mines.
  7245 | D:9      | Noticed a troll
  7793 | D:9      | Reached skill level 5 in Invocations
  8331 | D:9      | Killed a troll
  8680 | D:9      | Reached XP level 10. HP: 70/73 MP: 20/20
  8750 | D:10     | Entered Level 10 of the Dungeon
  8977 | D:10     | You fall through a shaft!
  9010 | D:10     | Noticed Joseph
  9258 | D:11     | Noticed a gargoyle
  9303 | D:11     | Reached skill level 5 in Fighting
  9303 | D:11     | Reached skill level 5 in Short Blades
  9303 | D:11     | Reached skill level 5 in Long Blades
  9303 | D:11     | Reached skill level 5 in Axes
  9303 | D:11     | Reached skill level 5 in Maces & Flails
  9303 | D:11     | Reached skill level 5 in Polearms
  9303 | D:11     | Reached skill level 5 in Staves
  9303 | D:11     | Reached skill level 5 in Slings
  9303 | D:11     | Reached skill level 5 in Bows
  9303 | D:11     | Reached skill level 5 in Crossbows
  9303 | D:11     | Reached skill level 5 in Throwing
  9303 | D:11     | Reached skill level 5 in Armour
  9303 | D:11     | Reached skill level 5 in Shields
  9303 | D:11     | Reached skill level 5 in Unarmed Combat
  9303 | D:11     | Reached skill level 5 in Evocations
  9316 | D:11     | HP: 3/74 [gargoyle/stone arrow (9)]
  9901 | D:12     | Found Jupsulas's Armour Shoppe.
  9945 | D:12     | Reached *** piety under Sif Muna
 10088 | D:11     | Noticed a two-headed ogre
 10089 | D:11     | Noticed Maurice
 11427 | D:11     | Noticed a brown ugly thing
 11621 | D:10     | Killed Joseph
 11759 | D:10     | Killed an unseen horror
 12559 | D:10     | Found a roughly hewn altar of Beogh.
 12775 | D:11     | Killed a two-headed ogre
 12775 | D:11     | Reached XP level 11. HP: 79/81 MP: 9/22
 12811 | D:11     | Killed a brown ugly thing
 12832 | D:11     | Reached **** piety under Sif Muna
 12844 | D:11     | Killed Maurice
 13827 | D:11     | Found a staircase to the Lair.
 13925 | Lair:1   | Entered Level 1 of the Lair of Beasts
 14223 | Lair:1   | Reached skill level 5 in Conjurations
 14223 | Lair:1   | Reached skill level 5 in Hexes
 14223 | Lair:1   | Reached skill level 5 in Charms
 14223 | Lair:1   | Reached skill level 5 in Necromancy
 14223 | Lair:1   | Reached skill level 5 in Translocations
 14223 | Lair:1   | Reached skill level 5 in Transmutations
 14223 | Lair:1   | Reached skill level 5 in Fire Magic
 14223 | Lair:1   | Reached skill level 5 in Ice Magic
 14223 | Lair:1   | Reached skill level 5 in Air Magic
 14223 | Lair:1   | Reached skill level 5 in Earth Magic
 14223 | Lair:1   | Reached skill level 5 in Poison Magic
 14857 | Lair:1   | Noticed Gastronok
 14867 | Lair:1   | Killed Gastronok
 15032 | Lair:1   | Noticed an eight-headed hydra
 15041 | Lair:1   | Killed an eight-headed hydra
 16325 | Lair:2   | Found a frozen archway.
 17317 | Orc:1    | Entered Level 1 of the Orcish Mines
 17317 | Orc:1    | Noticed a cyclops
 17319 | Orc:1    | Noticed an orc knight
 18481 | Lair:2   | Noticed a death yak
 18527 | Lair:2   | Noticed a seven-headed hydra
 18547 | Lair:2   | Killed a seven-headed hydra
 18547 | Lair:2   | Reached XP level 12. HP: 68/89 MP: 9/24
 20126 | Lair:3   | Found a hole to the Spider Nest.
 20175 | Lair:3   | Found a staircase to the Shoals.
 22633 | Lair:4   | Reached ***** piety under Sif Muna
 22806 | Lair:5   | Noticed anything's ghost (journeyman DgFi)
 22977 | Lair:5   | Noticed a four-headed hydra
 23001 | Lair:5   | Killed a four-headed hydra
 23001 | Lair:5   | Identified Sif Muna's Disquisition on Summoning and Flight (Sif Muna gifted it to you on level 5 of the Lair of Beasts)
 23001 | Lair:5   | Received a gift from Sif Muna
 23322 | Lair:5   | Learned a level 5 spell: Summon Forest
 23473 | Lair:5   | Noticed an entropy weaver
 23630 | Lair:5   | Noticed an entropy weaver
 24070 | Lair:5   | Noticed a queen ant
 24079 | Lair:5   | Killed a queen ant
 24085 | Lair:5   | Reached XP level 13. HP: 53/98 MP: 3/26
 24524 | Lair:5   | Got a coiled crystal amulet
 24579 | Lair:5   | Identified the amulet "Inukliti" {Inacc rElec} (You found it on level 5 of the Lair of Beasts)
 24692 | Lair:5   | Killed an entropy weaver
 25098 | Lair:5   | Killed anything's ghost
 25544 | Lair:6   | Entered Level 6 of the Lair of Beasts
 25738 | Lair:6   | Found a staircase to the Slime Pits.
 26519 | Lair:6   | Found a large runed door.
 27351 | Lair:6   | Found a large runed door.
 27351 | Lair:6   | Noticed a fire dragon
 28818 | Lair:6   | Killed a fire dragon
 28935 | Lair:6   | Got a pitted morningstar
 28938 | Lair:6   | Identified the cursed +0 morningstar of the Hero {crush, rElec rF+ Dex-3} (You found it on level 6 of the Lair of Beasts)
 29880 | Orc:2    | Entered Level 2 of the Orcish Mines
 30019 | Orc:2    | Found a staircase to the Elven Halls.
 30042 | Orc:2    | Found Xeatelakh's Food Shop.
 30231 | Orc:2    | Noticed MirrMurr's ghost (adept MfBe)
 30278 | Orc:2    | Mangled by MirrMurr's ghost

Vault maps used:
D:1:      saegor_arrival_simple_c, evilmike_ruin_ashenzari
D:2:      grunt_ministairs_4, minmay_nonomino_d4
D:4:      marbit_many_paths, minmay_temple_entry_statues_pillars, first_bread,
          uniq_menkaure, uniq_ijyb
D:5:      old_standard_altar, serial_co_window_serial, co_window_paths_a,
          co_window_paths_a, co_window_of_opportunity_a, co_window_corner_a,
          co_window_paths_a, co_window_paths_a, co_window_corner_a,
          co_window_of_opportunity_a, co_window_corner_a, co_window_broadway_b,
          co_window_2corner, co_window_2corner, glass_columns_b
D:6:      serial_shops, shop, grunt_decor_mini_mirrors,
          kennysheep_big_empty_room, glass_columns_b
D:8:      serial_shops, kennysheep_mini, basic_altar, uniq_erica
D:9:      kennysheep_orc_monster_closet_entryway, serial_shops,
          nicolae_shop_competitors_out_of_business, basic_altar
D:10:     special_room, uniq_joseph
D:11:     grunt_lair_entry_orc_guard_hut, special_room, grunt_livestock,
          uniq_maurice
D:12:     serial_shops, kennysheep_little_box, shop, kennysheep_mini_moat, shop,
          shop, minmay_the_grid_2x2, uniq_frances, uniq_josephine
Temple:   regret_index_temple_chain_breaker
Lair:1:   grunt_megastairs_2, uniq_gastronok
Lair:2:   portal_ice_cave_demonic_guard, infiniplex_staircase_pool_2
Lair:3:   minmay_shoals_entry_centaurs, spider_nest_entry_a, minivault_27,
          st_stairs_6, nicolae_lair_grove_arrangements,
          cheibrodos_lair_reptile_den
Lair:4:   serial_bayou_shore_a
Lair:5:   minivault_29
Lair:6:   cheibrodos_lair_end_hotspot, slime_dummy
Orc:2:    grunt_orc_cross, serial_shops, shop_coins, guppyfry_library_mini

Skill      XL: |  1  2  3  4  5  6  7  8  9 10 11 12 13 |
---------------+----------------------------------------+-----
Spellcasting   | 5 6 7 8 9 |  9.6
Invocations    | 1 2 3 4 5 6 7 8 9 |  9.0
Fighting       | 1 2 3 4 5 6 7 8 |  8.2
Short Blades   | 1 2 3 4 5 6 7 8 |  8.2
Long Blades    | 1 2 3 4 5 6 7 8 |  8.2
Axes           | 1 2 3 4 5 6 7 8 |  8.2
Maces & Flails | 1 2 3 4 5 6 7 8 |  8.2
Polearms       | 1 2 3 4 5 6 7 8 |  8.2
Staves         | 1 2 3 4 5 6 7 8 |  8.2
Slings         | 1 2 3 4 5 6 7 8 |  8.2
Bows           | 1 2 3 4 5 6 7 8 |  8.2
Crossbows      | 1 2 3 4 5 6 7 8 |  8.2
Throwing       | 1 2 3 4 5 6 7 8 |  8.2
Armour         | 1 2 3 4 5 6 7 8 |  8.2
Shields        | 1 2 3 4 5 6 7 8 |  8.2
Unarmed Combat | 1 2 3 4 5 6 7 8 |  8.2
Evocations     | 1 2 3 4 5 6 7 8 |  8.2
Conjurations   | 1 2 3 4 5 6 |  6.8
Hexes          | 1 2 3 4 5 6 |  6.8
Charms         | 1 2 3 4 5 6 |  6.8
Necromancy     | 1 2 3 4 5 6 |  6.8
Translocations | 1 2 3 4 5 6 |  6.8
Transmutations | 1 2 3 4 5 6 |  6.8
Fire Magic     | 1 2 3 4 5 6 |  6.8
Ice Magic      | 1 2 3 4 5 6 |  6.8
Air Magic      | 1 2 3 4 5 6 |  6.8
Earth Magic    | 1 2 3 4 5 6 |  6.8
Poison Magic   | 1 2 3 4 5 6 |  6.8
Dodging        | 5 6 7 8 9 |  9.4
Stealth        | 5 6 7 8 9 |  9.2
Summonings     | 8 9 |  9.9

Action                   |  1- 3 |  4- 6 |  7- 9 | 10-12 | 13-15 || total
-------------------------+-------+-------+-------+-------+-------++-------
Melee: Trident           |       |    98 |   327 |   922 |   144 ||  1491
       Bite              |       |     4 |    24 |    90 |     5 ||   123
       Punch             |       |     1 |     6 |    22 |     4 ||    33
 Fire: Hunting sling     |   125 |    38 |       |       |       ||   163
Throw: Javelin           |       |       |     1 |       |       ||     1
 Cast: Call Imp          |     5 |     9 |    36 |    16 |       ||    66
       Call Canine Famil |       |    12 |    40 |    64 |     9 ||   125
       Summon Ice Beast  |       |       |       |   170 |    99 ||   269
       Summon Forest     |       |       |       |     2 |    15 ||    17
  Use: Scroll            |     4 |     1 |     7 |    12 |     9 ||    33
       Potion            |       |       |     1 |    11 |     5 ||    17
 Stab: Sleeping          |       |     6 |     6 |     8 |     2 ||    22
       Distracted        |       |     1 |     6 |     9 |     6 ||    22
  Eat: Chunk             |     1 |     7 |    29 |    53 |    29 ||   119
       Meat ration       |       |     1 |       |       |       ||     1
       Royal jelly       |       |       |       |     3 |       ||     3
       Fruit             |       |       |       |     1 |       ||     1
Armor: Robe              |     8 |       |       |       |       ||     8
       Leather armour    |     3 |    23 |    58 |   144 |    16 ||   244
       Skin              |       |       |       |    27 |       ||    27
Dodge: Dodged            |    42 |    74 |   228 |   658 |   109 ||  1111

Table legend:
 A = Spawn XP
 B = Non-spawn XP
 C = Spawn XP percentage of total XP
 D = Spawn monster count
 E = Non-spawn monster count
 F = Spawn count percentage of total count
 G = Total turns spent on level
                    A         B        C        D         E        F      G
               +---------+---------+-------+---------+---------+-------+---------
         Total |       0 |   43167 |   0.0 |       0 |     524 |   0.0 | 30278
               +---------+---------+-------+---------+---------+-------+---------
           D:1 |       0 |      17 |   0.0 |       0 |      10 |   0.0 |   803
           D:2 |       0 |      77 |   0.0 |       0 |      29 |   0.0 |   913
           D:3 |       0 |     152 |   0.0 |       0 |      28 |   0.0 |   580
           D:4 |       0 |     336 |   0.0 |       0 |      18 |   0.0 |   824
           D:5 |       0 |     546 |   0.0 |       0 |      21 |   0.0 |  1042
           D:6 |       0 |     373 |   0.0 |       0 |      20 |   0.0 |   589
           D:7 |       0 |     342 |   0.0 |       0 |       6 |   0.0 |   932
           D:8 |       0 |    1694 |   0.0 |       0 |      23 |   0.0 |  1309
           D:9 |       0 |    1437 |   0.0 |       0 |      34 |   0.0 |  2654
          D:10 |       0 |    3235 |   0.0 |       0 |      53 |   0.0 |  2480
          D:11 |       0 |    3295 |   0.0 |       0 |      44 |   0.0 |  1562
          D:12 |       0 |     263 |   0.0 |       0 |       3 |   0.0 |   765
        Lair:1 |       0 |    5180 |   0.0 |       0 |      30 |   0.0 |  3241
        Lair:2 |       0 |    2919 |   0.0 |       0 |      23 |   0.0 |  1712
        Lair:3 |       0 |    4265 |   0.0 |       0 |      29 |   0.0 |  1967
        Lair:4 |       0 |    3752 |   0.0 |       0 |      20 |   0.0 |  2211
        Lair:5 |       0 |    6419 |   0.0 |       0 |      55 |   0.0 |  1938
        Lair:6 |       0 |    6758 |   0.0 |       0 |      39 |   0.0 |  3550
         Orc:1 |       0 |    1434 |   0.0 |       0 |      31 |   0.0 |   608
         Orc:2 |       0 |     673 |   0.0 |       0 |       8 |   0.0 |   398
               +---------+---------+-------+---------+---------+-------+---------
